Maple Leafs vs Blackhawks
Created - May 22, 2017 at 19:00
Goals
|
| Maple Leafs |
2 |
0 |
0 |
2 |
| Blackhawks |
0 |
2 |
1 |
3 |
|
Shots
|
| Maple Leafs |
15 |
8 |
7 |
30 |
| Blackhawks |
8 |
10 |
12 |
30 |
|
1st period
1. Maple Leafs , Claude Giroux 67 (Evgeni Malkin 39) at 11:10
2. Maple Leafs , Fabian Brunnstrom 27 (Jordan Staal 58, Marc-Édouard Vlasic 28) at 18:09 (PP)
Penalties :
Antoine Roussel (Chi) for Cross-checking (Minor) at 7:58, Chad Larose (Chi) for Tripping (Minor) at 16:50
2nd period
3. Blackhawks , Ryan Hollweg 15 (Jonathan Toews 42, Joni Pitkanen 39) at 4:28
4. Blackhawks , Antoine Roussel 27 (Patrick Kane 60, Derick Brassard 63) at 7:06
Penalties :
Ryan Hollweg (Chi) for Holding (Minor) at 2:05, Braydon Coburn (Tor) for Goalie Interference (Minor) at 15:32, Ryan Hollweg (Chi) for Hooking (Minor) at 19:05
3rd period
5. Blackhawks , Jonathan Toews 26 (Jason Pominville 41) at 10:11
Penalties :
Dave Tanabe (Chi) for Tripping (Minor) at 2:05, Dave Tanabe (Chi) for Holding (Minor) at 6:01, Eric Nystrom (Tor) for Interference (Minor) at 11:40
Goalie Stats
Marc-André Fleury (Tor), 27 saves from 30 shots - (0.900), L, 41-22-10, 59:13 minutes
Jimmy Howard (Chi), 28 saves from 30 shots - (0.933), W, 40-22-5, 60:00 minutes
Players Stats for Maple Leafs
Player Name G A P +/- PIM S H SB GA TA FO MP PP MP PK MP
------------------------------------------------------------------------------------
Alexander Frolov 0 0 0 1 0 1 3 1 0 1 0/0 23:13 5:58 1:33
Blake Comeau 0 0 0 -1 0 1 0 0 0 1 0/0 8:05 0:00 0:45
Braydon Coburn 0 0 0 0 2 0 1 3 0 0 0/0 27:26 5:28 1:19
Claude Giroux 1 0 1 1 0 3 2 0 2 0 2/4 23:45 5:58 2:16
Colby Armstrong 0 0 0 -2 0 0 1 0 0 0 0/2 16:24 5:16 0:00
Eric Nystrom 0 0 0 0 2 1 1 0 0 0 0/0 10:48 0:00 0:00
Evgeni Malkin 0 1 1 1 0 6 2 0 1 0 20/33 23:44 5:58 2:15
Fabian Brunnstrom 1 0 1 -2 0 5 0 0 0 0 0/0 16:24 5:16 0:00
John Klingberg 0 0 0 0 0 1 0 0 0 0 0/0 11:12 0:00 0:13
Jordan Staal 0 1 1 -2 0 7 2 0 0 1 6/11 17:42 5:16 1:07
Justin Abdelkader 0 0 0 -1 0 0 3 0 0 0 0/0 7:20 0:00 0:00
Marc-Édouard Vlasic 0 1 1 -2 0 0 0 3 3 0 0/0 20:42 5:46 1:39
Mathieu Carle 0 0 0 0 0 1 0 0 0 0 0/0 11:47 0:00 0:57
Michael Grabner 0 0 0 0 0 0 1 0 0 1 0/0 10:38 0:00 0:00
Rob Schremp 0 0 0 0 0 0 0 0 0 0 2/5 10:38 0:00 0:00
Ryan Craig 0 0 0 -1 0 2 0 0 0 0 1/3 7:20 0:00 0:00
Taylor Chorney 0 0 0 -2 0 1 0 1 0 0 0/0 20:24 5:46 1:20
Tobias Enstrom 0 0 0 0 0 1 4 3 0 0 0/0 28:28 5:28 2:28
Players Stats for Blackhawks
Player Name G A P +/- PIM S H SB GA TA FO MP PP MP PK MP
------------------------------------------------------------------------------------
Antoine Roussel 1 0 1 1 2 3 1 0 0 0 0/0 19:21 2:05 0:00
Carson Mcmillan 0 0 0 0 0 0 1 0 0 0 0/0 8:59 0:00 3:29
Chad Larose 0 0 0 0 2 1 2 0 0 0 0/0 14:19 0:00 5:05
Dave Tanabe 0 0 0 1 4 2 0 1 0 2 0/0 11:40 0:00 0:00
Denis Grebeshkov 0 0 0 0 0 0 2 0 0 0 0/0 14:44 1:39 0:00
Derick Brassard 0 1 1 1 0 2 3 0 0 1 9/20 19:06 2:05 0:00
Ian White 0 0 0 1 0 1 1 1 0 1 0/0 28:39 2:19 6:27
Jason Pominville 0 1 1 1 0 1 0 0 0 0 0/1 14:24 1:53 0:00
Jonathan Toews 1 1 2 1 0 5 3 0 2 1 8/16 17:53 1:53 3:29
Joni Pitkanen 0 1 1 1 0 3 1 0 0 0 0/0 28:39 2:19 6:27
Kurt Sauer 0 0 0 0 0 0 2 1 0 0 0/0 19:47 1:39 4:47
Kyle Brodziak 0 0 0 0 0 1 0 1 0 0 0/1 5:30 0:00 0:00
Oleg Saprykin 0 0 0 0 0 0 0 1 0 0 0/0 8:47 0:00 2:46
Patrick Kane 0 1 1 1 0 5 2 0 2 0 0/0 19:06 2:05 0:00
Peter Regin 0 0 0 0 0 2 3 2 0 0 9/17 15:32 0:00 6:17
Ryan Hollweg 1 0 1 1 4 3 1 0 0 0 1/3 16:00 1:53 1:06
Ryan O'Byrne 0 0 0 1 0 0 2 1 0 1 0/0 16:37 0:00 4:47
Tomas Fleischmann 0 0 0 0 0 1 0 1 0 0 0/0 9:37 0:00 0:16
3 Stars
1 - Jonathan Toews (Chi)
2 - Claude Giroux (Tor)
3 - Derick Brassard (Chi)
Power Play
Maple Leafs - 1 on 6 Attempt(s) - 16.67%
Blackhawks - 0 on 2 Attempt(s) - 0.00%
Penalty Kill
Maple Leafs - 2 on 2 Attempt(s) - 100.00%
- Score 0 goal in Penalty Kill
Blackhawks - 5 on 6 Attempt(s) - 83.33%
- Score 0 goal in Penalty Kill
Team Stat
Maple Leafs - Hits : 20 - Faceoff Wins : 31 - Blocked Shots : 11 - Penalty Minutes : 4
Blackhawks - Hits : 24 - Faceoff Wins : 27 - Blocked Shots : 9 - Penalty Minutes : 12
Official
Referees : Meier Brad and Kozari Steve
Linesman : Steve Barton and Ryan Galloway
Game Notes
No Game Note
Finance
Level 1 -- Attendance: 4194 (69.90%) -- Ticket Income $390,042
Level 2 -- Attendance: 3984 (79.68%) -- Ticket Income $231,072
Level 3 -- Attendance: 1346 (67.30%) -- Ticket Income $49,802
Level 4 -- Attendance: 3054 (76.35%) -- Ticket Income $79,404
Luxury Box -- Attendance: 814 (81.40%) -- Ticket Income $140,822
Game was played at the Rexall Place.
Total Attendance: 13392 (74.40%)
Total Ticket Income: $891,142
Other Income: $133,671
Total Income: $1,024,813
Maple Leafs
5 vs 5 Forward
Center Left Wing Right Wing Time % Phy DF OF
1 Evgeni Malkin Alexander Frolov Claude Giroux 40 1 2 2
2 Jordan Staal Fabian Brunnstrom Colby Armstrong 30 1 2 2
3 Rob Schremp Eric Nystrom Michael Grabner 20 1 2 2
4 Ryan Craig Justin Abdelkader Blake Comeau 10 1 2 2
5 vs 5 Defense
Defense Defense Time % Phy DF OF
1 Tobias Enstrom Braydon Coburn 40 1 2 2
2 Taylor Chorney Marc-Édouard Vlasic 30 1 2 2
3 John Klingberg Mathieu Carle 20 1 2 2
4 Tobias Enstrom Braydon Coburn 10 1 2 2
PowerPlay Forward
Center Left Wing Right Wing Time % Phy DF OF
1 Evgeni Malkin Alexander Frolov Claude Giroux 60 1 2 2
2 Jordan Staal Fabian Brunnstrom Colby Armstrong 40 1 2 2
PowerPlay Defense
Defense Defense Time % Phy DF OF
1 Tobias Enstrom Braydon Coburn 60 1 2 2
2 Taylor Chorney Marc-Édouard Vlasic 40 1 2 2
Penalty Kill 4 Players Forward
Center Wing Time % Phy DF OF
1 Claude Giroux Evgeni Malkin 60 1 2 2
2 Alexander Frolov Jordan Staal 40 1 2 2
Penalty Kill 4 Players Defense
Defense Defense Time % Phy DF OF
1 Tobias Enstrom Braydon Coburn 60 1 2 2
2 Taylor Chorney Marc-Édouard Vlasic 40 1 2 2
Penalty Kill - 3 Players Forward
Forward Time % Phy DF OF
1 Claude Giroux 60 1 2 2
2 Evgeni Malkin 40 1 2 2
Penalty Kill - 3 Players Defense
Defense Defense Time % Phy DF OF
1 Tobias Enstrom Braydon Coburn 60 1 2 2
2 Taylor Chorney Marc-Édouard Vlasic 40 1 2 2
4 vs 4 Forward
Center Wing Time % Phy DF OF
1 Claude Giroux Evgeni Malkin 60 1 2 2
2 Alexander Frolov Jordan Staal 40 1 2 2
4 vs 4 Defense
Defense Defense Time % Phy DF OF
1 Tobias Enstrom Braydon Coburn 60 1 2 2
2 Taylor Chorney Marc-Édouard Vlasic 40 1 2 2
Last Minutes Offensive
Center Left Wing Right Wing Defense Defense
Evgeni Malkin Alexander Frolov Claude Giroux Tobias Enstrom Braydon Coburn
Last Minutes Defensive
Center Left Wing Right Wing Defense Defense
Evgeni Malkin Alexander Frolov Claude Giroux Tobias Enstrom Braydon Coburn
Goaltenders
Starting : Marc-André Fleury
Backup : Alex Stalock
Extra Forwards
Normal : Michael Grabner, Eric Nystrom, Blake Comeau - PP : Michael Grabner, Eric Nystrom - PK : Blake Comeau
Extra Defensemen
Normal : John Klingberg, Mathieu Carle, Taylor Chorney - PP : John Klingberg - PK : Mathieu Carle, Taylor Chorney
Penalty Shots
Claude Giroux, Evgeni Malkin, Alexander Frolov, Jordan Staal, Fabian Brunnstrom
Scratches
Jamie McBain (Right Forearm Injury), Justin Schultz (Bruised Left Shoulder Injury)
Blackhawks
5 vs 5 Forward
Center Left Wing Right Wing Time % Phy DF OF
1 Derick Brassard Antoine Roussel Patrick Kane 40 1 2 2
2 Jonathan Toews Ryan Hollweg Jason Pominville 30 1 2 2
3 Peter Regin Tomas Fleischmann Chad Larose 20 1 2 2
4 Kyle Brodziak Oleg Saprykin Carson Mcmillan 10 1 2 2
5 vs 5 Defense
Defense Defense Time % Phy DF OF
1 Ian White Joni Pitkanen 40 1 2 2
2 Kurt Sauer Denis Grebeshkov 30 1 2 2
3 Ryan O'Byrne Dave Tanabe 20 1 2 2
4 Ian White Joni Pitkanen 10 1 2 2
PowerPlay Forward
Center Left Wing Right Wing Time % Phy DF OF
1 Derick Brassard Antoine Roussel Patrick Kane 60 1 2 2
2 Jonathan Toews Ryan Hollweg Jason Pominville 40 1 2 2
PowerPlay Defense
Defense Defense Time % Phy DF OF
1 Ian White Joni Pitkanen 60 1 2 2
2 Kurt Sauer Denis Grebeshkov 40 1 2 2
Penalty Kill 4 Players Forward
Center Wing Time % Phy DF OF
1 Peter Regin Chad Larose 60 1 2 2
2 Jonathan Toews Carson Mcmillan 40 1 2 2
Penalty Kill 4 Players Defense
Defense Defense Time % Phy DF OF
1 Ian White Joni Pitkanen 60 1 2 2
2 Kurt Sauer Ryan O'Byrne 40 1 2 2
Penalty Kill - 3 Players Forward
Forward Time % Phy DF OF
1 Peter Regin 60 1 2 2
2 Jonathan Toews 40 1 2 2
Penalty Kill - 3 Players Defense
Defense Defense Time % Phy DF OF
1 Ian White Joni Pitkanen 60 1 2 2
2 Kurt Sauer Ryan O'Byrne 40 1 2 2
4 vs 4 Forward
Center Wing Time % Phy DF OF
1 Derick Brassard Patrick Kane 60 1 2 2
2 Jonathan Toews Antoine Roussel 40 1 2 2
4 vs 4 Defense
Defense Defense Time % Phy DF OF
1 Ian White Joni Pitkanen 60 1 2 2
2 Kurt Sauer Denis Grebeshkov 40 1 2 2
Last Minutes Offensive
Center Left Wing Right Wing Defense Defense
Derick Brassard Antoine Roussel Patrick Kane Ian White Joni Pitkanen
Last Minutes Defensive
Center Left Wing Right Wing Defense Defense
Derick Brassard Antoine Roussel Patrick Kane Ian White Joni Pitkanen
Goaltenders
Starting : Jimmy Howard
Backup : Al Montoya
Extra Forwards
Normal : Tomas Fleischmann, Antoine Roussel, Oleg Saprykin - PP : Patrick Kane, Derick Brassard - PK : Oleg Saprykin
Extra Defensemen
Normal : Joni Pitkanen, Denis Grebeshkov, Kurt Sauer - PP : Joni Pitkanen - PK : Denis Grebeshkov, Kurt Sauer
Penalty Shots
Patrick Kane, Jason Pominville, Derick Brassard, Jonathan Toews, Antoine Roussel
Scratches
None
% Time on Ice - Maple Leafs
Lines # - Real PCT - Wanted PCT - Time Play
Normal Forward
1 - 33% - 40% - 14:19
2 - 26% - 30% - 11:19
3 - 24% - 20% - 10:38
4 - 17% - 10% - 7:20
Normal Defense
1 - 40% - 40% - 17:23
2 - 30% - 30% - 13:09
3 - 25% - 20% - 10:50
4 - 5% - 10% - 2:14
PP Forward
1 - 53% - 60% - 5:58
2 - 47% - 40% - 5:16
PP Defense
1 - 49% - 60% - 5:28
2 - 51% - 40% - 5:46
PK Forward
1 - 82% - 60% - 3:15
2 - 18% - 40% - 0:43
PK Defense
1 - 68% - 60% - 2:41
2 - 32% - 40% - 1:17
PK3 Forward
1 - 0% - 60%
2 - 0% - 40%
PK3 Defense
1 - 0% - 60%
2 - 0% - 40%
44 Forward
1 - 0% - 60%
2 - 0% - 40%
44 Defense
1 - 0% - 60%
2 - 0% - 40%
Last Minute Offensive - 1:12
Last Minute Defensive - 0:00
Total
Forward - 60:00
Defense - 60:00
|
% Time on Ice - Blackhawks
Lines # - Real PCT - Wanted PCT - Time Play
Normal Forward
1 - 38% - 40% - 16:27
2 - 29% - 30% - 12:31
3 - 21% - 20% - 9:09
4 - 13% - 10% - 5:30
Normal Defense
1 - 40% - 40% - 17:19
2 - 31% - 30% - 13:21
3 - 27% - 20% - 11:34
4 - 3% - 10% - 1:23
PP Forward
1 - 53% - 60% - 2:05
2 - 47% - 40% - 1:53
PP Defense
1 - 58% - 60% - 2:19
2 - 42% - 40% - 1:39
PK Forward
1 - 69% - 60% - 7:45
2 - 31% - 40% - 3:29
PK Defense
1 - 57% - 60% - 6:27
2 - 43% - 40% - 4:47
PK3 Forward
1 - 0% - 60%
2 - 0% - 40%
PK3 Defense
1 - 0% - 60%
2 - 0% - 40%
44 Forward
1 - 0% - 60%
2 - 0% - 40%
44 Defense
1 - 0% - 60%
2 - 0% - 40%
Last Minute Offensive - 0:00
Last Minute Defensive - 1:11
Total
Forward - 60:00
Defense - 60:00
|
Play by Play
1st period
0:01 of 1st period - Evgeni Malkin wins face-off versus Derick Brassard in neutral zone.
0:35 of 1st period - Backhand shot by Jonathan Toews.
0:35 of 1st period - Shot Blocked by Tobias Enstrom.
1:17 of 1st period - Slapshot by Blake Comeau.
1:17 of 1st period - Shot Blocked by Kyle Brodziak.
1:33 of 1st period - Slapshot by Patrick Kane.
1:33 of 1st period - Stopped by Marc-André Fleury without a rebound.
1:34 of 1st period - Derick Brassard wins face-off versus Jordan Staal in Maple Leafs zone.
1:52 of 1st period - Wrist shot by Patrick Kane.
1:52 of 1st period - Stopped by Marc-André Fleury with a rebound.
2:10 of 1st period - Off-side.
2:11 of 1st period - Jonathan Toews wins face-off versus Evgeni Malkin in neutral zone.
2:26 of 1st period - Snap shot by Jonathan Toews.
2:26 of 1st period - Deflect By Evgeni Malkin.
2:26 of 1st period - Shot Blocked by Alexander Frolov.
2:26 of 1st period - Puck is out of play.
2:27 of 1st period - Rob Schremp wins face-off versus Peter Regin in Maple Leafs zone.
3:15 of 1st period - Slapshot by Blake Comeau.
3:15 of 1st period - Stopped by Jimmy Howard with a rebound.
3:39 of 1st period - Kyle Brodziak is hit by Colby Armstrong and loses puck.
3:46 of 1st period - Wrist shot by Jordan Staal.
3:46 of 1st period - Stopped by Jimmy Howard without a rebound.
3:47 of 1st period - Evgeni Malkin wins face-off versus Jonathan Toews in Blackhawks zone.
4:00 of 1st period - Taylor Chorney is hit by Ryan O'Byrne and loses puck.
4:19 of 1st period - Snap shot by Patrick Kane.
4:19 of 1st period - Stopped by Marc-André Fleury without a rebound.
4:20 of 1st period - Jordan Staal wins face-off versus Derick Brassard in Maple Leafs zone.
4:33 of 1st period - Snap shot by Fabian Brunnstrom.
4:33 of 1st period - Shot Misses the Net.
4:47 of 1st period - Joni Pitkanen is hit by Claude Giroux and loses puck.
4:54 of 1st period - Wrist shot by Claude Giroux.
4:54 of 1st period - Stopped by Jimmy Howard with a rebound.
4:56 of 1st period - Snap shot by Evgeni Malkin.
4:56 of 1st period - Stopped by Jimmy Howard with a rebound.
4:58 of 1st period - Slapshot by John Klingberg.
4:58 of 1st period - Stopped by Jimmy Howard with a rebound.
6:13 of 1st period - Denis Grebeshkov is hit by Alexander Frolov and loses puck.
6:33 of 1st period - Off-side.
6:34 of 1st period - Rob Schremp wins face-off versus Jonathan Toews in neutral zone.
6:59 of 1st period - Dave Tanabe is hit by Evgeni Malkin and loses puck.
7:06 of 1st period - Snap shot by Claude Giroux.
7:06 of 1st period - Deflect By Evgeni Malkin.
7:06 of 1st period - Stopped by Jimmy Howard without a rebound.
7:07 of 1st period - Evgeni Malkin wins face-off versus Jason Pominville in Blackhawks zone.
7:58 of 1st period - Minor Penalty to Antoine Roussel for Cross-checking.
7:59 of 1st period - Evgeni Malkin wins face-off versus Peter Regin in Blackhawks zone.
8:36 of 1st period - Backhand shot by Joni Pitkanen.
8:36 of 1st period - Shot Misses the Net.
9:58 of 1st period - Penalty to Antoine Roussel is over, Antoine Roussel is back on ice.
10:02 of 1st period - Evgeni Malkin is hit by Ryan Hollweg and loses puck.
10:17 of 1st period - Wrist shot by Antoine Roussel.
10:17 of 1st period - Shot Blocked by Tobias Enstrom.
10:19 of 1st period - Wrist shot by Antoine Roussel.
10:19 of 1st period - Stopped by Marc-André Fleury without a rebound.
10:20 of 1st period - Derick Brassard wins face-off versus Rob Schremp in Maple Leafs zone.
10:31 of 1st period - Wrist shot by Derick Brassard.
10:31 of 1st period - Deflect By Patrick Kane.
10:31 of 1st period - Shot Misses the Net.
10:31 of 1st period - Puck is out of play.
10:32 of 1st period - Ryan Hollweg wins face-off versus Rob Schremp in Maple Leafs zone.
10:33 of 1st period - Wrist shot by Jonathan Toews.
10:33 of 1st period - Shot Hit the Post.
10:57 of 1st period - Colby Armstrong is hit by Antoine Roussel and loses puck.
11:04 of 1st period - Wrist shot by Jordan Staal.
11:04 of 1st period - Shot Misses the Net.
11:06 of 1st period - Slapshot by Fabian Brunnstrom.
11:06 of 1st period - Shot Blocked by Dave Tanabe.
11:08 of 1st period - Wrist shot by Fabian Brunnstrom.
11:08 of 1st period - Stopped by Jimmy Howard without a rebound.
11:09 of 1st period - Evgeni Malkin wins face-off versus Jonathan Toews in Blackhawks zone.
11:10 of 1st period - Snap shot by Claude Giroux.
11:10 of 1st period - Goal by Claude Giroux - Maple Leafs : 1 - Blackhawks : 0.
11:11 of 1st period - Derick Brassard wins face-off versus Evgeni Malkin in neutral zone.
11:38 of 1st period - Claude Giroux is hit by Chad Larose and loses puck.
11:51 of 1st period - Slapshot by Tomas Fleischmann.
11:51 of 1st period - Shot Misses the Net.
12:08 of 1st period - Slapshot by Ryan Hollweg.
12:08 of 1st period - Stopped by Marc-André Fleury with a rebound.
12:43 of 1st period - Ian White is hit by Tobias Enstrom.
13:01 of 1st period - Wrist shot by Jordan Staal.
13:01 of 1st period - Stopped by Jimmy Howard without a rebound.
13:02 of 1st period - Peter Regin wins face-off versus Jordan Staal in Blackhawks zone.
13:15 of 1st period - Jordan Staal is hit by Peter Regin and loses puck.
13:28 of 1st period - Mathieu Carle is hit by Jonathan Toews and loses puck.
13:39 of 1st period - Wrist shot by Evgeni Malkin.
13:39 of 1st period - Stopped by Jimmy Howard without a rebound.
13:40 of 1st period - Derick Brassard wins face-off versus Jordan Staal in Blackhawks zone.
14:11 of 1st period - Slapshot by Ian White.
14:11 of 1st period - Shot Misses the Net.
14:13 of 1st period - Slapshot by Ian White.
14:13 of 1st period - Deflect By Marc-Édouard Vlasic.
14:13 of 1st period - Stopped by Marc-André Fleury without a rebound.
14:14 of 1st period - Evgeni Malkin wins face-off versus Ryan Hollweg in Maple Leafs zone.
15:25 of 1st period - Blake Comeau is hit by Denis Grebeshkov and loses puck.
15:55 of 1st period - Icing by Kurt Sauer.
15:56 of 1st period - Jordan Staal wins face-off versus Jonathan Toews in Blackhawks zone.
15:57 of 1st period - Wrist shot by Fabian Brunnstrom.
15:57 of 1st period - Shot Misses the Net.
16:25 of 1st period - Wrist shot by Ryan Hollweg.
16:25 of 1st period - Stopped by Marc-André Fleury with a rebound.
16:27 of 1st period - Slapshot by Denis Grebeshkov.
16:27 of 1st period - Shot Blocked by Braydon Coburn.
16:50 of 1st period - Minor Penalty to Chad Larose for Tripping.
16:51 of 1st period - Evgeni Malkin wins face-off versus Peter Regin in Blackhawks zone.
16:54 of 1st period - Wrist shot by Evgeni Malkin.
16:54 of 1st period - Deflect By Alexander Frolov.
16:54 of 1st period - Shot Misses the Net.
16:54 of 1st period - Puck is out of play.
16:55 of 1st period - Peter Regin wins face-off versus Evgeni Malkin in Blackhawks zone.
17:04 of 1st period - Peter Regin is hit by Alexander Frolov and loses puck.
17:25 of 1st period - Snap shot by Marc-Édouard Vlasic.
17:25 of 1st period - Shot Blocked by Oleg Saprykin.
17:27 of 1st period - Slapshot by Taylor Chorney.
17:27 of 1st period - Stopped by Jimmy Howard without a rebound.
17:28 of 1st period - Peter Regin wins face-off versus Colby Armstrong in Blackhawks zone.
18:05 of 1st period - Wrist shot by Jordan Staal.
18:05 of 1st period - Stopped by Jimmy Howard with a rebound.
18:07 of 1st period - Backhand shot by Marc-Édouard Vlasic.
18:07 of 1st period - Deflect By Jordan Staal.
18:07 of 1st period - Stopped by Jimmy Howard with a rebound.
18:09 of 1st period - Wrist shot by Fabian Brunnstrom.
18:09 of 1st period - Goal by Fabian Brunnstrom - Maple Leafs : 2 - Blackhawks : 0.
18:10 of 1st period - Derick Brassard wins face-off versus Evgeni Malkin in neutral zone.
18:26 of 1st period - Wrist shot by Alexander Frolov.
18:26 of 1st period - Stopped by Jimmy Howard without a rebound.
18:27 of 1st period - Jonathan Toews wins face-off versus Colby Armstrong in Blackhawks zone.
18:34 of 1st period - Jonathan Toews is hit by Jordan Staal and loses puck.
18:43 of 1st period - Snap shot by Fabian Brunnstrom.
18:43 of 1st period - Shot Misses the Net.
19:35 of 1st period - Slapshot by Joni Pitkanen.
19:35 of 1st period - Shot Blocked by Marc-Édouard Vlasic.
19:37 of 1st period - Snap shot by Joni Pitkanen.
19:37 of 1st period - Deflect By Marc-Édouard Vlasic.
19:37 of 1st period - Stopped by Marc-André Fleury without a rebound.
19:38 of 1st period - Evgeni Malkin wins face-off versus Kyle Brodziak in Maple Leafs zone.
19:53 of 1st period - Ryan O'Byrne is hit by Alexander Frolov and loses puck.
Goals for this period are 2 for Maple Leafs vs 0 for Blackhawks.
Shots for this period are 15 for Maple Leafs vs 8 for Blackhawks.
2nd period
0:01 of 2nd period - Evgeni Malkin wins face-off versus Derick Brassard in neutral zone.
0:26 of 2nd period - Joni Pitkanen is hit by Tobias Enstrom and loses puck.
1:11 of 2nd period - Wrist shot by Eric Nystrom.
1:11 of 2nd period - Stopped by Jimmy Howard with a rebound.
1:17 of 2nd period - Braydon Coburn is hit by Derick Brassard.
1:27 of 2nd period - Derick Brassard is hit by Michael Grabner and loses puck.
1:48 of 2nd period - Wrist shot by Derick Brassard.
1:48 of 2nd period - Stopped by Marc-André Fleury without a rebound.
1:49 of 2nd period - Claude Giroux wins face-off versus Jonathan Toews in Maple Leafs zone.
2:05 of 2nd period - Minor Penalty to Ryan Hollweg for Holding.
2:06 of 2nd period - Peter Regin wins face-off versus Evgeni Malkin in Blackhawks zone.
3:00 of 2nd period - Marc-Édouard Vlasic is hit by Chad Larose and loses puck.
3:19 of 2nd period - Marc-Édouard Vlasic is hit by Kurt Sauer.
4:05 of 2nd period - Penalty to Ryan Hollweg is over, Ryan Hollweg is back on ice.
4:16 of 2nd period - Wrist shot by Ryan Craig.
4:16 of 2nd period - Stopped by Jimmy Howard without a rebound.
4:17 of 2nd period - Jonathan Toews wins face-off versus Ryan Craig in Blackhawks zone.
4:24 of 2nd period - Snap shot by Jonathan Toews.
4:24 of 2nd period - Shot Blocked by Taylor Chorney.
4:26 of 2nd period - Slapshot by Joni Pitkanen.
4:26 of 2nd period - Deflect By Jonathan Toews.
4:26 of 2nd period - Stopped by Marc-André Fleury with a rebound.
4:28 of 2nd period - Wrist shot by Ryan Hollweg.
4:28 of 2nd period - Goal by Ryan Hollweg - Maple Leafs : 2 - Blackhawks : 1.
4:29 of 2nd period - Jonathan Toews wins face-off versus Evgeni Malkin in neutral zone.
4:46 of 2nd period - Jason Pominville is hit by Claude Giroux and loses puck.
5:22 of 2nd period - Off-side.
5:23 of 2nd period - Peter Regin wins face-off versus Ryan Craig in neutral zone.
5:31 of 2nd period - Slapshot by Braydon Coburn.
5:31 of 2nd period - Shot Blocked by Peter Regin.
6:14 of 2nd period - Slapshot by Fabian Brunnstrom.
6:14 of 2nd period - Stopped by Jimmy Howard without a rebound.
6:15 of 2nd period - Jordan Staal wins face-off versus Derick Brassard in Blackhawks zone.
6:31 of 2nd period - Off-side.
6:32 of 2nd period - Jonathan Toews wins face-off versus Evgeni Malkin in neutral zone.
6:58 of 2nd period - Taylor Chorney is hit by Patrick Kane and loses puck.
7:06 of 2nd period - Wrist shot by Antoine Roussel.
7:06 of 2nd period - Goal by Antoine Roussel - Maple Leafs : 2 - Blackhawks : 2.
7:07 of 2nd period - Evgeni Malkin wins face-off versus Peter Regin in neutral zone.
7:22 of 2nd period - Snap shot by Evgeni Malkin.
7:22 of 2nd period - Stopped by Jimmy Howard without a rebound.
7:23 of 2nd period - Jordan Staal wins face-off versus Derick Brassard in Blackhawks zone.
7:50 of 2nd period - Joni Pitkanen is hit by Eric Nystrom and loses puck.
8:34 of 2nd period - Snap shot by Blake Comeau.
8:34 of 2nd period - Shot Blocked by Tomas Fleischmann.
8:36 of 2nd period - Slapshot by Mathieu Carle.
8:36 of 2nd period - Deflect By Dave Tanabe.
8:36 of 2nd period - Stopped by Jimmy Howard without a rebound.
8:37 of 2nd period - Ryan Craig wins face-off versus Peter Regin in Blackhawks zone.
8:55 of 2nd period - Wrist shot by Tobias Enstrom.
8:55 of 2nd period - Stopped by Jimmy Howard with a rebound.
9:23 of 2nd period - Slapshot by Peter Regin.
9:23 of 2nd period - Stopped by Marc-André Fleury with a rebound.
9:25 of 2nd period - Slapshot by Dave Tanabe.
9:25 of 2nd period - Stopped by Marc-André Fleury without a rebound.
9:26 of 2nd period - Evgeni Malkin wins face-off versus Jonathan Toews in Maple Leafs zone.
9:53 of 2nd period - Taylor Chorney is hit by Derick Brassard and loses puck.
10:52 of 2nd period - Snap shot by Peter Regin.
10:52 of 2nd period - Stopped by Marc-André Fleury without a rebound.
10:53 of 2nd period - Peter Regin wins face-off versus Jordan Staal in Maple Leafs zone.
11:09 of 2nd period - Snap shot by Tomas Fleischmann.
11:09 of 2nd period - Stopped by Marc-André Fleury with a rebound.
11:45 of 2nd period - Snap shot by Ryan Craig.
11:45 of 2nd period - Shot Blocked by Ryan O'Byrne.
12:39 of 2nd period - Snap shot by Fabian Brunnstrom.
12:39 of 2nd period - Stopped by Jimmy Howard without a rebound.
12:40 of 2nd period - Jonathan Toews wins face-off versus Evgeni Malkin in Blackhawks zone.
12:55 of 2nd period - Claude Giroux is hit by Jonathan Toews and loses puck.
13:12 of 2nd period - Snap shot by Fabian Brunnstrom.
13:12 of 2nd period - Shot Blocked by Ian White.
13:56 of 2nd period - Wrist shot by Ryan Craig.
13:56 of 2nd period - Stopped by Jimmy Howard with a rebound.
14:16 of 2nd period - Snap shot by Jonathan Toews.
14:16 of 2nd period - Stopped by Marc-André Fleury without a rebound.
14:17 of 2nd period - Evgeni Malkin wins face-off versus Ryan Hollweg in Maple Leafs zone.
14:30 of 2nd period - Wrist shot by Jonathan Toews.
14:30 of 2nd period - Shot Misses the Net.
14:32 of 2nd period - Slapshot by Kurt Sauer.
14:32 of 2nd period - Shot Blocked by Tobias Enstrom.
14:42 of 2nd period - Antoine Roussel is hit by Tobias Enstrom and loses puck.
15:13 of 2nd period - Snap shot by Chad Larose.
15:13 of 2nd period - Stopped by Marc-André Fleury without a rebound.
15:14 of 2nd period - Evgeni Malkin wins face-off versus Jonathan Toews in Maple Leafs zone.
15:32 of 2nd period - Minor Penalty to Braydon Coburn for Goalie Interference.
15:33 of 2nd period - Derick Brassard wins face-off versus Claude Giroux in Maple Leafs zone.
17:32 of 2nd period - Penalty to Braydon Coburn is over, Braydon Coburn is back on ice.
17:46 of 2nd period - Joni Pitkanen is hit by Braydon Coburn and loses puck.
18:37 of 2nd period - Justin Abdelkader is hit by Carson Mcmillan and loses puck.
19:05 of 2nd period - Minor Penalty to Ryan Hollweg for Hooking.
19:06 of 2nd period - Evgeni Malkin wins face-off versus Peter Regin in Blackhawks zone.
19:06 of 2nd period - Wrist shot by Claude Giroux.
19:06 of 2nd period - Shot Blocked by Kurt Sauer.
19:08 of 2nd period - Slapshot by Tobias Enstrom.
19:08 of 2nd period - Shot Blocked by Peter Regin.
Goals for this period are 0 for Maple Leafs vs 2 for Blackhawks.
Shots for this period are 8 for Maple Leafs vs 10 for Blackhawks.
3rd period
0:01 of 3rd period - Peter Regin wins face-off versus Evgeni Malkin in neutral zone.
0:26 of 3rd period - Joni Pitkanen is hit by Jordan Staal and loses puck.
0:40 of 3rd period - Snap shot by Fabian Brunnstrom.
0:40 of 3rd period - Stopped by Jimmy Howard without a rebound.
0:41 of 3rd period - Evgeni Malkin wins face-off versus Jonathan Toews in Blackhawks zone.
1:05 of 3rd period - Penalty to Ryan Hollweg is over, Ryan Hollweg is back on ice.
1:40 of 3rd period - Braydon Coburn is hit by Joni Pitkanen and loses puck.
2:05 of 3rd period - Minor Penalty to Dave Tanabe for Tripping.
2:06 of 3rd period - Peter Regin wins face-off versus Evgeni Malkin in Blackhawks zone.
2:06 of 3rd period - Peter Regin is hit by Evgeni Malkin.
2:12 of 3rd period - Evgeni Malkin is hit by Ian White and loses puck.
2:41 of 3rd period - Snap shot by Fabian Brunnstrom.
2:41 of 3rd period - Deflect By Jordan Staal.
2:41 of 3rd period - Stopped by Jimmy Howard with a rebound.
2:53 of 3rd period - Ian White is hit by Tobias Enstrom and loses puck.
3:32 of 3rd period - Evgeni Malkin is hit by Kurt Sauer and loses puck.
4:03 of 3rd period - Icing by Tobias Enstrom.
4:04 of 3rd period - Jordan Staal wins face-off versus Peter Regin in Maple Leafs zone.
4:05 of 3rd period - Penalty to Dave Tanabe is over, Dave Tanabe is back on ice.
4:29 of 3rd period - John Klingberg is hit by Patrick Kane and loses puck.
4:57 of 3rd period - Jason Pominville is hit by Justin Abdelkader and loses puck.
5:28 of 3rd period - Alexander Frolov is hit by Peter Regin and loses puck.
6:01 of 3rd period - Minor Penalty to Dave Tanabe for Holding.
6:02 of 3rd period - Evgeni Malkin wins face-off versus Peter Regin in Blackhawks zone.
7:29 of 3rd period - Claude Giroux is hit by Peter Regin.
8:01 of 3rd period - Penalty to Dave Tanabe is over, Dave Tanabe is back on ice.
8:46 of 3rd period - Oleg Saprykin is hit by Justin Abdelkader.
9:08 of 3rd period - Slapshot by Peter Regin.
9:08 of 3rd period - Shot Misses the Net.
9:37 of 3rd period - Marc-Édouard Vlasic is hit by Ryan O'Byrne and loses puck.
9:44 of 3rd period - Dave Tanabe is hit by Justin Abdelkader and loses puck.
10:05 of 3rd period - Wrist shot by Kyle Brodziak.
10:05 of 3rd period - Stopped by Marc-André Fleury without a rebound.
10:06 of 3rd period - Jonathan Toews wins face-off versus Jordan Staal in Maple Leafs zone.
10:11 of 3rd period - Slapshot by Jonathan Toews.
10:11 of 3rd period - Goal by Jonathan Toews - Maple Leafs : 2 - Blackhawks : 3.
10:12 of 3rd period - Derick Brassard wins face-off versus Evgeni Malkin in neutral zone.
10:23 of 3rd period - Slapshot by Patrick Kane.
10:23 of 3rd period - Stopped by Marc-André Fleury without a rebound.
10:24 of 3rd period - Evgeni Malkin wins face-off versus Derick Brassard in Maple Leafs zone.
10:33 of 3rd period - Slapshot by Evgeni Malkin.
10:33 of 3rd period - Stopped by Jimmy Howard with a rebound.
10:37 of 3rd period - Wrist shot by Evgeni Malkin.
10:37 of 3rd period - Stopped by Jimmy Howard without a rebound.
10:38 of 3rd period - Evgeni Malkin wins face-off versus Derick Brassard in Blackhawks zone.
10:41 of 3rd period - Backhand shot by Claude Giroux.
10:41 of 3rd period - Stopped by Jimmy Howard without a rebound.
10:42 of 3rd period - Evgeni Malkin wins face-off versus Derick Brassard in Blackhawks zone.
11:38 of 3rd period - Wrist shot by Ian White.
11:38 of 3rd period - Shot Blocked by Braydon Coburn.
11:40 of 3rd period - Minor Penalty to Eric Nystrom for Interference.
11:41 of 3rd period - Claude Giroux wins face-off versus Derick Brassard in Maple Leafs zone.
12:07 of 3rd period - Snap shot by Jonathan Toews.
12:07 of 3rd period - Stopped by Marc-André Fleury with a rebound.
12:09 of 3rd period - Slapshot by Joni Pitkanen.
12:09 of 3rd period - Deflect By Jonathan Toews.
12:09 of 3rd period - Stopped by Marc-André Fleury with a rebound.
12:11 of 3rd period - Slapshot by Ian White.
12:11 of 3rd period - Shot Blocked by Braydon Coburn.
12:13 of 3rd period - Slapshot by Joni Pitkanen.
12:13 of 3rd period - Stopped by Marc-André Fleury with a rebound.
12:23 of 3rd period - Snap shot by Evgeni Malkin.
12:23 of 3rd period - Shot Misses the Net.
12:39 of 3rd period - Snap shot by Jordan Staal.
12:39 of 3rd period - Shot Misses the Net.
12:41 of 3rd period - Slapshot by Jordan Staal.
12:41 of 3rd period - Stopped by Jimmy Howard with a rebound.
12:59 of 3rd period - Wrist shot by Patrick Kane.
12:59 of 3rd period - Shot Misses the Net.
13:01 of 3rd period - Snap shot by Antoine Roussel.
13:01 of 3rd period - Stopped by Marc-André Fleury with a rebound.
13:03 of 3rd period - Wrist shot by Patrick Kane.
13:03 of 3rd period - Shot Blocked by Marc-Édouard Vlasic.
13:05 of 3rd period - Slapshot by Joni Pitkanen.
13:05 of 3rd period - Stopped by Marc-André Fleury without a rebound.
13:06 of 3rd period - Derick Brassard wins face-off versus Claude Giroux in Maple Leafs zone.
13:40 of 3rd period - Penalty to Eric Nystrom is over, Eric Nystrom is back on ice.
13:45 of 3rd period - Alexander Frolov is hit by Denis Grebeshkov and loses puck.
15:16 of 3rd period - John Klingberg is hit by Jonathan Toews and loses puck.
16:51 of 3rd period - Snap shot by Derick Brassard.
16:51 of 3rd period - Shot Blocked by Marc-Édouard Vlasic.
16:53 of 3rd period - Wrist shot by Antoine Roussel.
16:53 of 3rd period - Deflect By Patrick Kane.
16:53 of 3rd period - Stopped by Marc-André Fleury with a rebound.
17:15 of 3rd period - Wrist shot by Jason Pominville.
17:15 of 3rd period - Stopped by Marc-André Fleury without a rebound.
17:16 of 3rd period - Jonathan Toews wins face-off versus Rob Schremp in Maple Leafs zone.
17:47 of 3rd period - Off-side.
17:48 of 3rd period - Peter Regin wins face-off versus Evgeni Malkin in neutral zone.
18:26 of 3rd period - Slapshot by Dave Tanabe.
18:26 of 3rd period - Deflect By Rob Schremp.
18:26 of 3rd period - Stopped by Marc-André Fleury without a rebound.
18:27 of 3rd period - Jordan Staal wins face-off versus Derick Brassard in Maple Leafs zone.
18:36 of 3rd period - Slapshot by Jordan Staal.
18:36 of 3rd period - Stopped by Jimmy Howard with a rebound.
18:38 of 3rd period - Wrist shot by Fabian Brunnstrom.
18:38 of 3rd period - Shot Misses the Net.
18:54 of 3rd period - Tobias Enstrom is hit by Derick Brassard and loses puck.
19:05 of 3rd period - Wrist shot by Derick Brassard.
19:05 of 3rd period - Stopped by Marc-André Fleury without a rebound.
19:06 of 3rd period - Pat Burns call a timeout for Maple Leafs.
19:06 of 3rd period - Evgeni Malkin wins face-off versus Derick Brassard in Maple Leafs zone.
19:13 of 3rd period - Maple Leafs, Marc-André Fleury is pulled from the net.
19:37 of 3rd period - Icing by Antoine Roussel.
19:38 of 3rd period - Derick Brassard wins face-off versus Evgeni Malkin in Blackhawks zone.
Goals for this period are 0 for Maple Leafs vs 1 for Blackhawks.
Shots for this period are 7 for Maple Leafs vs 12 for Blackhawks.
Back to the Top